 Dungeon Sprint DCSS version 0.18.1-50-g88ac8fd (webtiles) character file.

20596 saintsgambit the Hoplite (level 12, -12/122 HPs)
             Began as a Minotaur Fighter on Sept 24, 2016.
             Was the Champion of the Shining One.
             Mangled by a naga mage
             ... wielding the cursed +3 lajatang "Apics" {drain, MR++ MP+9 Int+6}
              (14 damage)
             ... in the Dungeon (Sprint V: "Ziggurat Sprint").
             The game lasted 00:14:31 (1888 turns).

saintsgambit the Hoplite (Minotaur Fighter)         Turns: 1888, Time: 00:14:33

Health: -12/122    AC:  6    Str: 31    XL:     12   Next: 46%
Magic:  1/18       EV:  2    Int:  5    God:    the Shining One [******]
Gold:   0          SH: 50    Dex: 13    Spells: 0 memorised, 11 levels left

rFire  + . .     SeeInvis .     l - +6 shillelagh "Devastator" {shatter}
rCold  + . .     Gourm    .     m - +5 gold dragon armour
rNeg   + + +     Faith    .     y - +18 shield of the gong {rElec rN+ MR+ EV-5}
rPois  +         Spirit   .     (helmet restricted)
rElec  +         Dismiss  .     (no cloak)
rCorr  .         Reflect  +     (no gloves)
SustAt .         Harm     .     (no boots)
MR     +....     NoTele   +     Q - +4 amulet of reflection
Stlth  ..........               K - +6 ring of strength
                                R - ring of Pethoduj {rPois Dex+2}

@: lethally poisoned (-12 -> -40), divine shield, corroded, glowing, studying
Slings, somewhat resistant to hostile enchantments, extremely unstealthy
A: retaliatory headbutt, horns 2
a: Divine Shield, Cleansing Flame, Summon Divine Warrior, Brand Weapon With Holy
Wrath, Renounce Religion


You were in the Dungeon.
You worshipped the Shining One.
The Shining One was exalted by your worship.
You were hungry.

You visited 1 branch

Inventory:

Hand Weapons
 a - a +0 flail
 l - the +6 shillelagh "Devastator" (weapon) {shatter}
   (You found it in the Dungeon)
Armour
 b - a +0 scale mail
 c - a +0 shield
 m - a +5 gold dragon armour (worn)
 y - the +18 shield of the gong (worn) {rElec rN+ MR+ EV-5}
   (You found it in the Dungeon)

   It affects your evasion (-5).
   It insulates you from electricity.
   It protects you from negative energy.
   It affects your resistance to hostile enchantments.
Jewellery
 G - a +6 ring of dexterity
 H - a +6 ring of dexterity
 I - a +6 ring of intelligence
 J - a +6 ring of intelligence
 K - a +6 ring of strength (right hand)
 L - a +6 ring of strength
 M - a +4 ring of protection
 N - an uncursed ring of magical power
 P - an uncursed ring of fire
 Q - a +4 amulet of reflection (around neck)
 R - the ring of Pethoduj (left hand) {rPois Dex+2}
   (You found it in the Dungeon)

   [ring of poison resistance]

   It affects your dexterity (+2).
   It protects you from poison.
Wands
 C - a wand of disintegration (7/24)
 D - a wand of iceblast (5/15)
 E - a wand of lightning (5/15)
 F - a wand of acid (5/15)
Scrolls
 k - 4 scrolls of blinking
 p - 4 scrolls of amnesia
 q - 3 scrolls of recharging
 r - 7 scrolls of fog
 s - a scroll of holy word
 t - 5 scrolls of identify
 u - 5 scrolls of remove curse
 v - 2 scrolls of fear
Potions
 d - 6 potions of might
 e - 9 potions of curing
 g - 10 potions of heal wounds
 h - 6 potions of haste
 i - 7 potions of magic
 j - 3 potions of berserk rage
 w - 2 potions of brilliance
 x - 2 potions of invisibility
 z - 4 potions of resistance
 A - a potion of experience
 B - 5 potions of agility
Books
 O - a manual of Slings
Comestibles
 f - 4 bread rations
 n - 42 fruits
 o - 4 meat rations


   Skills:
 + Level 15.6 Fighting
 + Level 14.3 Maces & Flails
 + Level 17.4 Armour
 + Level 22.6 Shields
 + Level 9.6 Invocations


You had 11 spell levels left.
You didn't know any spells.

Dungeon Overview and Level Annotations

Branches:
Dungeon (1/1)

Altars:
Ashenzari
Cheibriados
Dithmenos
Elyvilon
Fedhas
Gozag
Kikubaaqudgha
Makhleb
Nemelex Xobeh
Okawaru
Pakellas
Qazlal
Ru
Sif Muna
Trog
Vehumet
Xom
Yredelemnul
Zin
The Shining One
Beogh
Jiyva
Lugonu


Innate Abilities, Weirdness & Mutations

You reflexively headbutt those who attack you in melee.
You have a pair of horns on your head.


Message History

You block the guardian serpent's attack.
BOUMMMMG!
The naga mage spits poison at you.
The splash of poison reflects off an invisible shield around you!
BONNNG!
The splash of poison hits the naga mage.
The naga mage appears unharmed.
The black mamba bites you. The Shining One protects you from harm!
You block the greater naga's attack.
GONNNNG!
The guardian serpent hits you! The Shining One protects you from harm!
The naga mage releases its grip on you.
The guardian serpent hits you but does no damage.
You hit the guardian serpent but do no damage.
The guardian serpent is moderately wounded.
* * * LOW HITPOINT WARNING * * *
You feel sick.
The naga mage hits you with the cursed +3 lajatang "Apics" {drain, MR++ MP+9 Int+6}!
You die...

▓▓▓▓▓▓▓▓▓▓▓▓ ▓▓▓▓▓▓▓▓
▓....8©8....▓▓.8©8.▓.
▓.....|))|..▓▓.))[.▓.
▓..::|=)":..▓▓..}..▓.
▓...........▓▓.....▓.
▓..NN.......▓▓...†.▓.
▓...SN......▓▓..^..▓.
▓..N@S......▓▓.....▓.
▓..▓NS...▓..▓▓▓▓▓▓▓▓▓
▓. ▓▓...▓▓ ▓..8©8...
▓..▓.....▓..▓...}|...
▓...........▓...)....
▓▓▓▓▓▓▓▓▓▓▓▓▓........
▓....8©8....▓...††...
▓..":|.=|?..▓.▓....▓.
▓...)|=}|}..▓........


You could see a naga warrior, a greater naga, 2 guardian serpents, a black
mamba, 2 naga magi and a naga.

Vanquished Creatures
  A deep elf sorcerer (D)
  4 merfolk aquamancers (D)
  A dancing weapon (D)
  A thrashing horror (D)
  A sea snake (shapeshifter) (D)
  An unseen horror (shapeshifter) (D)
  3 sea snakes (D)
  2 skeletal warriors (D)
  2 deep elf magi (D)
  An ugly thing (D)
  A cyclops (shapeshifter) (D)
  A naga mage (D)
  2 guardian serpents (D)
  2 rust devils (D)
  A water nymph (D)
  A black mamba (shapeshifter) (D)
  3 black mambas (D)
  2 spiny frogs (D)
  A smoke demon (D)
  2 komodo dragons (shapeshifter) (D)
  A yaktaur (shapeshifter) (D)
  2 jumping spiders (D)
  An ice devil (D)
  A merfolk (shapeshifter) (D)
  2 merfolk (D)
  A raiju (D)
  A snapping turtle (D)
  An air elemental (D)
  A shadow (D)
  2 tarantellas (D)
  A yak (D)
  A wraith (D)
  A basilisk (D)
  3 water moccasins (D)
  2 nagas (D)
  2 hell hounds (D)
  8 orc warriors (D)
  2 eyes of draining (D)
  An eye of draining (shapeshifter) (D)
  A necrophage (D)
  A crocodile (D)
  An earth elemental (D)
  4 scorpions (D)
  3 jellies (D)
  2 iron imps (D)
  3 orc priests (D)
  2 iguanas (D)
  An orc wizard (D)
  2 adders (D)
  A river rat (D)
  2 white imps (D)
  3 ufetubi (D)
  2 orcs (D)
  5 ball pythons (D)
  3 bat zombies (D)
  A ball python skeleton (D)
  A jackal zombie (D)
105 creatures vanquished.

Vanquished Creatures (others)
  A spatial maelstrom (D)
  A manticore (D)
2 creatures vanquished.

Grand Total: 107 creatures vanquished

Notes
Turn   | Place    | Note
--------------------------------------------------------------
     0 | D        | saintsgambit the Minotaur Fighter began the quest for the Orb.
     0 | D        | Reached XP level 1. HP: 19/19 MP: 0/0
     0 | D        | Found a viscous altar of Jiyva.
     0 | D        | Found a roughly hewn altar of Beogh.
     0 | D        | Found a corrupted altar of Lugonu.
     0 | D        | Found a white marble altar of Elyvilon.
     0 | D        | Found a sparkling altar of Nemelex Xobeh.
     1 | D        | Found a burning altar of Makhleb.
     1 | D        | Found a deep blue altar of Sif Muna.
     1 | D        | Found an iron altar of Okawaru.
     1 | D        | Found a bloodstained altar of Trog.
     1 | D        | Found a radiant altar of Vehumet.
     1 | D        | Found a shimmering altar of Xom.
     1 | D        | Banished a spatial maelstrom
    77 | D        | Became a worshipper of the Shining One
    88 | D        | Entered arena 1.
    88 | D        | Noticed a jelly
    88 | D        | Noticed a jelly
    92 | D        | Killed a jelly
    92 | D        | Reached skill level 5 in Fighting
    92 | D        | Reached skill level 5 in Armour
    92 | D        | Reached skill level 5 in Shields
    92 | D        | Reached XP level 2. HP: 16/29 MP: 1/1
    92 | D        | Reached XP level 3. HP: 19/36 MP: 2/2
    96 | D        | Reached skill level 6 in Shields
   323 | D        | Entered arena 2.
   323 | D        | Noticed an eye of draining
   323 | D        | Reached * piety under the Shining One
   323 | D        | Noticed an eye of draining
   326 | D        | Reached XP level 4. HP: 40/45 MP: 0/3
   333 | D        | Killed an eye of draining
   333 | D        | Reached skill level 8 in Shields
   333 | D        | Reached XP level 5. HP: 49/53 MP: 0/4
   339 | D        | Killed an eye of draining
   339 | D        | Reached skill level 5 in Maces & Flails
   339 | D        | Reached XP level 6. HP: 59/62 MP: 0/5
   344 | D        | Entered arena 3.
   344 | D        | Noticed a jumping spider
   344 | D        | Noticed a tarantella
   344 | D        | Reached ** piety under the Shining One
   346 | D        | Reached skill level 9 in Shields
   349 | D        | Reached skill level 10 in Armour
   354 | D        | Killed a jumping spider
   354 | D        | Reached skill level 10 in Fighting
   354 | D        | Reached skill level 10 in Shields
   354 | D        | Reached XP level 7. HP: 53/73 MP: 1/6
   357 | D        | Killed a tarantella
   357 | D        | Reached skill level 11 in Shields
   365 | D        | Entered arena 4.
   365 | D        | Noticed a jumping spider
   365 | D        | Noticed a tarantella
   367 | D        | Killed a tarantella
   368 | D        | Reached skill level 12 in Shields
   369 | D        | Killed a jumping spider
   369 | D        | Reached XP level 8. HP: 54/82 MP: 3/7
   378 | D        | Entered arena 5.
   378 | D        | Reached *** piety under the Shining One
   378 | D        | Reached **** piety under the Shining One
   381 | D        | Reached ***** piety under the Shining One
   494 | D        | Entered arena 6.
   494 | D        | Noticed a deep elf mage
   494 | D        | Noticed a trident of venom
   494 | D        | Noticed a deep elf sorcerer
   494 | D        | Noticed an air elemental
   494 | D        | Noticed a deep elf mage
   495 | D        | Killed a deep elf mage
   495 | D        | Reached skill level 13 in Shields
   503 | D        | Killed a deep elf sorcerer
   503 | D        | Reached skill level 10 in Maces & Flails
   503 | D        | Reached skill level 15 in Shields
   503 | D        | Reached XP level 9. HP: 67/93 MP: 8/8
   504 | D        | Killed a deep elf mage
   504 | D        | Reached skill level 1 in Invocations
   511 | D        | Reached skill level 16 in Shields
   515 | D        | Killed a trident of venom
   515 | D        | Reached XP level 10. HP: 46/101 MP: 9/9
   812 | D        | Entered arena 7.
   812 | D        | Reached ****** piety under the Shining One
   827 | D        | Entered arena 8.
   827 | D        | Noticed a smoke demon
   827 | D        | Noticed a thrashing horror
   831 | D        | Killed a thrashing horror
   831 | D        | Reached skill level 17 in Shields
   840 | D        | Killed a smoke demon
   840 | D        | Reached skill level 15 in Armour
   919 | D        | Entered arena 9.
   940 | D        | Entered arena 10.
   940 | D        | Noticed a spiny frog
   940 | D        | Noticed a spiny frog
   956 | D        | Reached skill level 18 in Shields
   956 | D        | Killed a spiny frog
   956 | D        | Killed a spiny frog
  1094 | D        | Entered arena 11.
  1094 | D        | Noticed an anubis guard
  1094 | D        | Noticed a moth of wrath
  1094 | D        | Noticed a red ugly thing
  1094 | D        | Noticed a hell hog
  1094 | D        | Noticed a deep troll
  1094 | D        | a moth of wrath changed into a deep troll
  1095 | D        | Noticed a death drake
  1095 | D        | Noticed a hornet
  1095 | D        | Noticed a water nymph
  1095 | D        | a swamp worm changed into a water nymph
  1095 | D        | an anubis guard changed into a wind drake
  1096 | D        | a death drake changed into a swamp worm
  1096 | D        | Noticed a torpor snail
  1096 | D        | a hell hog changed into a torpor snail
  1097 | D        | Noticed a death drake
  1097 | D        | a water nymph changed into a death drake
  1098 | D        | Noticed an eye of devastation
  1098 | D        | a death drake changed into an eye of devastation
  1098 | D        | Noticed an octopode
  1098 | D        | a hornet changed into an octopode
  1098 | D        | a deep troll changed into a boulder beetle
  1098 | D        | Noticed a water nymph
  1098 | D        | a torpor snail changed into a water nymph
  1100 | D        | an octopode changed into a queen bee
  1100 | D        | Noticed an unseen horror
  1100 | D        | a basilisk changed into an unseen horror
  1100 | D        | Noticed a hornet
  1100 | D        | a boulder beetle changed into a hornet
  1102 | D        | an unseen horror changed into a black bear
  1102 | D        | Noticed a shock serpent
  1102 | D        | a boulder beetle changed into a shock serpent
  1103 | D        | Noticed a sea snake
  1103 | D        | an eye of devastation changed into a sea snake
  1103 | D        | Noticed a manticore
  1103 | D        | a swamp worm changed into a manticore
  1106 | D        | a manticore changed into a yaktaur
  1108 | D        | Noticed a cyclops
  1108 | D        | a water nymph changed into a cyclops
  1109 | D        | Noticed a death drake
  1109 | D        | a sea snake changed into a death drake
  1112 | D        | Noticed a lindwurm
  1112 | D        | a yaktaur changed into a lindwurm
  1112 | D        | a hornet changed into an eye of draining
  1113 | D        | Noticed a giant orange brain
  1113 | D        | a lindwurm changed into a giant orange brain
  1113 | D        | Noticed a black mamba
  1113 | D        | a soldier ant changed into a black mamba
  1113 | D        | a shock serpent changed into a snapping turtle
  1114 | D        | Reached XP level 11. HP: 42/111 MP: 5/12
  1115 | D        | Noticed a lindwurm
  1115 | D        | a death drake changed into a lindwurm
  1116 | D        | Reached skill level 19 in Shields
  1116 | D        | a giant orange brain changed into a water nymph
  1117 | D        | Killed a red ugly thing
  1117 | D        | Reached skill level 5 in Invocations
  1118 | D        | a lindwurm changed into a spriggan
  1119 | D        | Noticed an unseen horror
  1119 | D        | a spriggan changed into an unseen horror
  1123 | D        | Killed an unseen horror
  1123 | D        | Noticed a sea snake
  1123 | D        | a snapping turtle changed into a sea snake
  1137 | D        | Killed a sea snake
  1357 | D        | Entered arena 12.
  1365 | D        | Reached skill level 20 in Shields
  1373 | D        | Reached skill level 15 in Fighting
  1383 | D        | Got the ring of Pethoduj {rPois Dex+2}
  1571 | D        | Entered arena 13.
  1572 | D        | Noticed a merfolk aquamancer
  1572 | D        | Noticed a merfolk aquamancer
  1572 | D        | Noticed a sea snake
  1573 | D        | Noticed a merfolk aquamancer
  1573 | D        | Noticed a sea snake
  1573 | D        | Noticed a sea snake
  1573 | D        | Noticed a merfolk aquamancer
  1578 | D        | Killed a merfolk aquamancer
  1584 | D        | Killed a sea snake
  1584 | D        | Killed a sea snake
  1584 | D        | Reached skill level 21 in Shields
  1585 | D        | Killed a merfolk aquamancer
  1585 | D        | Reached XP level 12. HP: 59/121 MP: 2/16
  1586 | D        | Killed a merfolk aquamancer
  1592 | D        | Killed a merfolk aquamancer
  1812 | D        | Entered arena 14.
  1822 | D        | Reached skill level 22 in Shields
  1879 | D        | Entered arena 15.
  1880 | D        | Noticed a greater naga
  1881 | D        | Noticed a naga warrior
  1887 | D        | HP: 5/122 [poisoned by a naga mage (bolt of poison)]
  1887 | D        | The Shining One protects you from harm!
  1887 | D        | The Shining One protects you from harm!
  1888 | D        | HP: 2/122 [poisoned by a naga mage (bolt of poison)]
  1888 | D        | Identified the cursed +3 lajatang "Apics" {drain, MR++ MP+9 Int+6}
  1888 | D        | Mangled by a naga mage

Skill      XL: |  1  2  3  4  5  6  7  8  9 10 11 12 |
---------------+-------------------------------------+-----
Fighting       | 5 6 8 10 11 13 14 15 | 15.6
Maces & Flails | 3 4 5 6 7 10 12 14 | 14.3
Armour         | 5 7 8 9 10 12 13 14 15 16 17 | 17.4
Shields        | 5 6 8 10 12 15 16 18 21 22 | 22.6
Invocations    | 1 3 7 9 |  9.6

Action                   |  1- 3 |  4- 6 |  7- 9 | 10-12 || total
-------------------------+-------+-------+-------+-------++-------
Melee: Flail             |     8 |    16 |       |       ||    24
       Headbutt          |     5 |     4 |     6 |    29 ||    44
       Shillelagh        |       |     4 |    31 |   114 ||   149
Invok: Divine Shield     |       |       |     1 |     7 ||     8
       Cleansing Flame   |       |       |       |    10 ||    10
  Use: Potion            |       |       |       |     1 ||     1
  Eat: Bread ration      |       |       |       |     1 ||     1
Armor: Gold dragon armou |       |     9 |    11 |    97 ||   117
Dodge: Dodged            |       |       |     1 |     9 ||    10
Block: Shield            |    12 |    21 |    54 |   305 ||   392
       Reflection        |       |       |       |    14 ||    14
